 Dungeon Crawl Stone Soup version 0.18-a0-1721-gc4d1f22 (webtiles) character file.

43260 ishmael the Bludgeoner (level 14, 0/159 HPs)
             Began as an Ogre Berserker on Apr 10, 2016.
             Was the Champion of Trog.
             Slain by a spiny frog (6 damage)
             ... on level 7 of the Lair of Beasts.
             The game lasted 00:35:38 (21891 turns).

ishmael the Bludgeoner (Ogre Berserker)            Turns: 21891, Time: 00:35:38

Health: 0/159      AC:  5    Str: 25    XL:     14   Next: 23%
Magic:  14/14      EV:  1    Int:  6    God:    Trog [******]
Gold:   895        SH:  0    Dex: 19    Spells: 0 memorised, 13 levels left

rFire  . . .     SeeInvis +     S - +13 giant spiked club of Beax {distort, +Rage SInv}
rCold  + . .     Gourm    .     T - +1 robe {rC+}
rNeg   + + +     Faith    .     (shield currently unavailable)
rPois  ∞         Spirit   .     N - +1 hat
rElec  .         Dismiss  .     (no cloak)
rCorr  +         Reflect  .     (gloves unavailable)
SustAt .         Harm     .     (boots unavailable)
MR     +....                    (no amulet)
Stlth  ++........               R - ring of resist corrosion
                                g - +6 ring of dexterity

@: exhausted, petrified, very slightly contaminated, hasted and slowed, somewhat
resistant to hostile enchantments, unstealthy
A: unfitting armour, tough skin 1
a: Berserk, Trog's Hand, Brothers in Arms, Burn Spellbooks, Renounce Religion,
Evoke Berserk Rage


You were on level 7 of the Lair of Beasts.
You worshipped Trog.
Trog was exalted by your worship.
You were hungry.

You visited 2 branches of the dungeon, and saw 18 of its levels.

You collected 895 gold pieces.

Inventory:

Hand Weapons
 S - the +13 giant spiked club of Beax (weapon) {distort, +Rage SInv}
   (Trog gifted it to you on level 6 of the Lair of Beasts)

   It warps and distorts space around it.
   Unwielding it can cause banishment or high damage.
   It lets you see invisible.
   It lets you go berserk.
Missiles
 h - 486 stones (quivered)
Armour
 N - a +1 hat (worn)
 T - a +1 robe of cold resistance (worn)
Jewellery
 b - an uncursed amulet of dismissal {unknown}
 g - a +6 ring of dexterity (left hand)
 R - a ring of resist corrosion (right hand)
Wands
 i - a wand of slowing (37/48)
 s - a wand of lightning (13/15)
 u - a wand of flame (9/48)
 v - a wand of lightning (5/15)
 F - a wand of confusion (10/48)
 K - a wand of paralysis (12/24)
 O - a wand of slowing (33/48)
 Q - a wand of flame (15/48)
Scrolls
 a - 6 scrolls of teleportation {unknown}
 d - 14 scrolls of remove curse
 e - 4 scrolls of magic mapping {unknown}
 f - 2 scrolls of vulnerability {unknown}
 j - 4 scrolls of amnesia {unknown}
 k - a scroll of fog {unknown}
 m - a scroll of torment {unknown}
 p - 3 scrolls of enchant weapon {unknown}
 t - 2 scrolls of recharging {unknown}
 x - 5 scrolls of fear {unknown}
 E - 5 scrolls of enchant armour {unknown}
 L - a scroll of holy word {unknown}
 P - a scroll of silence {unknown}
 W - a scroll of blinking {unknown}
Potions
 l - 2 potions of curing
 o - a potion of agility
 q - 3 potions of haste
 r - a potion of heal wounds
 w - 3 potions of invisibility
 z - a potion of cancellation
 B - a potion of flight
 C - 2 potions of magic {unknown}
 D - 2 potions of might {unknown}
 H - 2 potions of mutation {unknown}
 I - 4 potions of lignification {unknown}
 J - 3 potions of cure mutation {unknown}
 V - 2 potions of resistance {unknown}
Comestibles
 c - 12 bread rations
 n - 7 beef jerkies
 A - 2 chunks of flesh
 G - 5 meat rations


   Skills:
 + Level 15.3 Fighting
 * Level 20.8 Maces & Flails
 + Level 11.4 Dodging


You had 13 spell levels left.
You didn't know any spells.

Dungeon Overview and Level Annotations

Branches:
Dungeon (11/15)            Temple (0/1) D:5            Lair (7/8) D:8
  Swamp (0/4) Lair:3       Spider (0/4) Lair:3
  Slime: Lair:6-8       Orc: D:9-12

Altars:
Cheibriados
Dithmenos
Elyvilon
Fedhas
Gozag
Nemelex Xobeh
Okawaru
Pakellas
Qazlal
Sif Muna
Vehumet
Xom
Yredelemnul
Zin
The Shining One

Shops:
D:5 [   D:8 (


Innate Abilities, Weirdness & Mutations

You are too large for most types of armour.
You have tough skin (AC +1).


Message History

* * * LOW HITPOINT WARNING * * *
You feel less confused. The spiny frog completely misses you.
The hippogriff is engulfed in noxious fumes.
The hippogriff appears confused.
The swamp drake breathes noxious fumes at you.
The noxious blast engulfs you! The spiny frog stings you!
* * * LOW HITPOINT WARNING * * *
The swamp drake completely misses you.
The basilisk is engulfed in noxious fumes.
The basilisk appears confused.
The basilisk bites the hippogriff!
The crocodile is engulfed in noxious fumes.
The crocodile appears confused.
You are very lightly contaminated with residual magic.
You have turned to stone.
The spiny frog stings you!!
* * * LOW HITPOINT WARNING * * *
The swamp drake bites you.
The basilisk bites the swamp drake!!
The spiny frog stings you!
You die...

..... ## ##....#
##.####....P#
............#
............#
............#
...........##
......t@....#
.......k.F...#
≈≈.≈...lH.....#
≈≈.............#
≈.≈......$.....##
)$≈≈≈........†.#
≈≈≈≈≈#≈.....<.?##
≈≈≈≈≈..<.......P#
≈≈#≈≈#..........#


You could see a hippogriff (confused), a spiny frog, a basilisk (confused), a
swamp drake and a crocodile (confused).

Vanquished Creatures
  Rupert (Lair:5)
  The ghost of vev the Bludgeoner, a journeyman OgAM of Elyvilon (Lair:4)
  6 hydras
  Erica (Lair:1)
  2 catoblepae
  2 death yaks (Lair:3)
  A lindwurm (Lair:5)
  A hill giant (D:10)
  A swamp dragon (Lair:7)
  An ugly thing (D:11)
  2 griffons (Lair:6)
  4 black mambas
  6 elephants
  Joseph (Lair:1)
  A torpor snail (Lair:3)
  7 spiny frogs
  2 rime drakes
  4 komodo dragons
  A polar bear (Lair:4)
  A troll (D:10)
  Grinder (D:5)
  13 blink frogs
  2 two-headed ogres (D:9)
  2 redbacks (Lair:3)
  Eustachio (D:6)
  36 yaks
  2 basilisks
  A hungry ghost (D:7)
  5 hippogriffs
  6 water moccasins
  18 porcupines
  3 swamp drakes
  5 sky beasts
  9 orc warriors
  A necrophage (D:7)
  A phantom (D:4)
  A wasp (D:8)
  12 wolves
  6 ogres
  6 centaurs
  9 crocodiles
  2 big kobolds
  21 giant frogs
  2 gnoll sergeants
  A water moccasin zombie (D:8)
  2 scorpions
  A wight (D:5)
  14 killer bees
  5 howler monkeys
  2 crimson imps
  2 quasits
  A giant frog zombie (D:7)
  3 centaur skeletons
  2 hounds (D:10)
  2 jellies
  10 orc priests
  15 iguanas
  15 orc wizards
  7 worker ants
  21 sheep
  3 hound skeletons
  A howler monkey skeleton (D:5)
  17 gnolls
  39 river rats
  10 adders
  2 shadow imps
  2 adder skeletons
  A worm (D:2)
  2 dart slugs
  6 giant geckos
  41 orcs
  4 ball pythons
  2 bats
  2 giant cockroaches
  10 goblins
  10 hobgoblins
  7 jackals
  17 kobolds
  A giant gecko skeleton (D:4)
  5 giant newts
  A jackal zombie (D:7)
  2 quokka skeletons
  3 rats
  A fungus (Lair:3)
503 creatures vanquished.

Vanquished Creatures (others)
  7 fungi
  2 plants (Lair:4)
9 creatures vanquished.

Grand Total: 512 creatures vanquished

Notes
Turn   | Place    | Note
--------------------------------------------------------------
     0 | D:1      | ishmael the Ogre Berserker began the quest for the Orb.
     0 | D:1      | Reached XP level 1. HP: 24/24 MP: 1/1
   123 | D:1      | Reached XP level 2. HP: 28/32 MP: 2/2
   726 | D:1      | Reached XP level 3. HP: 40/40 MP: 3/3
   873 | D:2      | Reached ** piety under Trog
   926 | D:2      | Found a shimmering altar of Xom.
   928 | D:2      | Found a shimmering altar of Xom.
   928 | D:2      | Found a shimmering altar of Xom.
   930 | D:2      | Found a shimmering altar of Xom.
   934 | D:2      | Found a shimmering altar of Xom.
  1204 | D:2      | Reached skill level 5 in Maces & Flails
  1662 | D:3      | Reached XP level 4. HP: 43/49 MP: 4/4
  1878 | D:3      | Reached skill level 5 in Fighting
  2019 | D:3      | Reached XP level 5. HP: 57/57 MP: 5/5
  2243 | D:3      | Reached skill level 6 in Maces & Flails
  2291 | D:3      | Noticed an orc warrior
  2300 | D:3      | Killed an orc warrior
  2300 | D:3      | Reached XP level 6. HP: 67/67 MP: 6/6
  2655 | D:4      | Found a stormy altar of Qazlal.
  2673 | D:4      | Noticed a phantom
  2689 | D:4      | Killed a phantom
  2689 | D:4      | Reached skill level 7 in Maces & Flails
  3285 | D:4      | Reached XP level 7. HP: 75/75 MP: 7/7
  3700 | D:5      | Entered Level 5 of the Dungeon
  3716 | D:5      | Reached skill level 8 in Maces & Flails
  3723 | D:5      | Reached *** piety under Trog
  3815 | D:5      | Found Bourazea's Armour Emporium.
  4265 | D:5      | Noticed Grinder
  4272 | D:5      | Reached skill level 9 in Maces & Flails
  4285 | D:5      | Paralysed by Grinder for 5 turns
  4293 | D:5      | Killed Grinder
  4293 | D:5      | Reached XP level 8. HP: 46/87 MP: 8/8
  4469 | D:5      | Found a blossoming altar of Fedhas.
  4508 | D:5      | Found a staircase to the Ecumenical Temple.
  4684 | D:5      | Reached skill level 5 in Dodging
  4965 | D:6      | Reached skill level 10 in Maces & Flails
  5397 | D:6      | Found an opulent altar of Gozag.
  5596 | D:6      | Found an oddly glowing altar of Pakellas.
  5596 | D:6      | Found a glowing silver altar of Zin.
  5598 | D:6      | Found a sparkling altar of Nemelex Xobeh.
  5768 | D:6      | Reached **** piety under Trog
  5768 | D:6      | Reached skill level 11 in Maces & Flails
  5768 | D:6      | Reached XP level 9. HP: 91/96 MP: 9/9
  6421 | D:6      | Found an iron altar of Okawaru.
  6421 | D:6      | Found a white marble altar of Elyvilon.
  6579 | D:6      | Noticed Eustachio
  6587 | D:6      | Killed Eustachio
  6693 | D:7      | Found a radiant altar of Vehumet.
  6989 | D:7      | Reached skill level 12 in Maces & Flails
  7476 | D:7      | Found a snail-covered altar of Cheibriados.
  7973 | D:7      | Found a shadowy altar of Dithmenos.
  8303 | D:7      | Reached XP level 10. HP: 101/110 MP: 10/10
  8513 | D:8      | Found Qoraez's Weapon Emporium.
  8516 | D:8      | Noticed an elephant
  8552 | D:7      | Reached skill level 13 in Maces & Flails
  8662 | D:7      | Killed an elephant
  8662 | D:7      | Reached skill level 10 in Fighting
  8892 | D:8      | Found a glowing golden altar of the Shining One.
  8938 | D:8      | Found a staircase to the Lair.
  9361 | D:8      | Reached ***** piety under Trog
  9380 | D:8      | Reached skill level 14 in Maces & Flails
 10159 | D:9      | Found a deep blue altar of Sif Muna.
 10499 | D:9      | Found a basalt altar of Yredelemnul.
 10659 | D:9      | Found an iron altar of Okawaru.
 10728 | D:9      | Reached XP level 11. HP: 102/120 MP: 11/11
 10821 | D:9      | Received a gift from Trog
 10821 | D:9      | Reached skill level 15 in Maces & Flails
 10824 | D:9      | Got a scorched great mace {god gift}
 10825 | D:9      | Identified the +4 great mace of Modesty {freeze, MR+} (Trog gifted it to you on level 9 of the Dungeon)
 10830 | D:10     | Entered Level 10 of the Dungeon
 11069 | D:10     | Noticed a hill giant
 11072 | D:10     | Killed a hill giant
 11834 | D:11     | Noticed a purple ugly thing
 11846 | D:11     | Killed a purple ugly thing
 12183 | Lair:1   | Entered Level 1 of the Lair of Beasts
 12210 | Lair:1   | Noticed Joseph
 12216 | Lair:1   | Killed Joseph
 12242 | Lair:1   | Reached skill level 16 in Maces & Flails
 12621 | Lair:1   | Noticed a six-headed hydra
 12629 | Lair:1   | Killed a six-headed hydra
 12683 | Lair:1   | Received a gift from Trog
 12846 | Lair:1   | Noticed Erica
 12855 | Lair:1   | Killed Erica
 12855 | Lair:1   | Reached XP level 12. HP: 133/133 MP: 12/12
 12920 | Lair:1   | Reached skill level 17 in Maces & Flails
 13460 | Lair:2   | Noticed a six-headed hydra
 13474 | Lair:2   | Killed a six-headed hydra
 14621 | Lair:2   | Reached skill level 18 in Maces & Flails
 14852 | Lair:2   | Received a gift from Trog
 15134 | Lair:3   | Found a hole to the Spider Nest.
 15611 | Lair:3   | Reached skill level 10 in Dodging
 15947 | Lair:3   | Reached XP level 13. HP: 87/145 MP: 13/13
 16226 | Lair:3   | Reached skill level 19 in Maces & Flails
 16401 | Lair:3   | Found a staircase to the Swamp.
 18419 | Lair:4   | Reached ****** piety under Trog
 18623 | Lair:4   | Noticed vev's ghost (journeyman OgAM)
 19153 | Lair:5   | Noticed Rupert
 19230 | Lair:5   | Reached skill level 20 in Maces & Flails
 19586 | Lair:5   | Killed Rupert
 19789 | Lair:4   | Killed vev's ghost
 19789 | Lair:4   | Reached skill level 15 in Fighting
 20206 | Lair:5   | Reached XP level 14. HP: 111/159 MP: 14/14
 20687 | Lair:6   | Received a gift from Trog
 20702 | Lair:6   | Got a crude giant spiked club {god gift}
 20711 | Lair:6   | Identified the +13 giant spiked club of Beax {distort, +Rage SInv} (Trog gifted it to you on level 6 of the Lair of Beasts)
 21891 | Lair:7   | HP: 6/159 [spiny frog (9)]
 21891 | Lair:7   | Slain by a spiny frog

Vault maps used:
D:1:      moated_graveyard_arrival, st_stairs_9
D:2:      xom_redecorated
D:3:      hangedman_decor_push, mrwooster_statue_mirror, grunt_ministairs_11
D:4:      nicolae_qazlal_general_emergency
D:5:      lemuel_doored_altar, temple_hall, first_bread, serial_shops, shop,
          uniq_grinder
D:6:      gammafunk_temple_overflow_wave, minitemple, serial_glass,
          glass_columns_a, glass_columns_a, uniq_eustachio
D:7:      grunt_dithmenos_smoke_and_mirrors, overflow_temple_1_default,
          basic_altar
D:8:      marbit_many_paths, david_lair_generic, serial_shops, shop
D:9:      overflow_temple_1_default, yredelemnul_altar_generic,
          okawaru_altar_gauntlet_db
D:11:     orc_0_dummy, uniq_harold
Lair:1:   st_stairs_9, lemuel_fruit_tree, infiniplex_staircase_pool,
          uniq_joseph, uniq_erica
Lair:2:   grunt_megastairs_2
Lair:3:   minmay_swamp_entry_reptiles, spider_nest_entry_webs
Lair:4:   bh_autumn_forest_stairs
Lair:5:   uniq_rupert
Lair:6:   grunt_megastairs_5
Lair:7:   onia_ninara_swampy_vault, slime_altar_2

Skill      XL: |  1  2  3  4  5  6  7  8  9 10 11 12 13 |
---------------+----------------------------------------+-----
Dodging        | 3 4 5 6 7 9 10 11 | 11.4
Maces & Flails | 5 6 7 9 11 12 14 16 18 20 | 20.8
Fighting       | 5 6 7 8 9 11 12 13 15 | 15.3

Action                   |  1- 3 |  4- 6 |  7- 9 | 10-12 | 13-15 || total
-------------------------+-------+-------+-------+-------+-------++-------
Melee: Mace              |   129 |    43 |       |       |       ||   172
       Flail             |       |    34 |   179 |       |       ||   213
       Giant club        |       |       |    71 |       |       ||    71
       Dire flail        |       |       |    37 |   218 |       ||   255
       Giant spiked club |       |       |       |    32 |    56 ||    88
       Great mace        |       |       |       |   332 |   144 ||   476
       Demon whip        |       |       |       |       |   214 ||   214
Throw: Stone             |     1 |       |     9 |     6 |       ||    16
Invok: Burn Spellbooks   |     1 |       |       |       |     1 ||     2
       Berserk           |       |     6 |     4 |    11 |     7 ||    28
  Use: Scroll            |       |       |     5 |     4 |     3 ||    12
       Potion            |       |       |       |       |     5 ||     5
 Stab: Sleeping          |     2 |     1 |     2 |     4 |     3 ||    12
       Distracted        |       |       |     3 |       |       ||     3
       Petrified         |       |       |       |       |     2 ||     2
  Eat: Chunk             |     2 |    11 |    21 |    25 |    15 ||    74
       Meat ration       |       |       |       |     1 |       ||     1
       Pizza             |       |       |       |     2 |       ||     2
       Fruit             |       |       |       |     3 |    12 ||    15
